 Dungeon Crawl Stone Soup version 0.30-a0-322-g102857c98e (webtiles) character file.

Game seed: 7707432819914350573

342 NinjaNoafa the Shooter (level 6, 0/37 HPs)
             Began as a Kobold Hunter on Oct 27, 2022.
             Succumbed to a scorpion's poison
             ... on level 4 of the Dungeon.
             The game lasted 00:03:59 (3224 turns).

NinjaNoafa the Shooter (Kobold Hunter)              Turns: 3224, Time: 00:03:59

Health: 0/37       AC:  5    Str:  5 (8)  XL:     6   Next: 88%
Magic:  6/6        EV: 16    Int:  9 (10) God:
Gold:   155        SH:  0    Dex: 20 (21) Spells: 5/5 levels left

rFire   + . .      SeeInvis .    a - +0 shortbow
rCold   + . .      Faith    .    (shield currently unavailable)
rNeg    . . .      Spirit   .    n - +1 leather armour {rPois}
rPois   +          Reflect  .    (no helmet)
rElec   .          Harm     .    c - scarf {rC+ rF+}
rCorr   .          Rampage  .    t - +0 pair of gloves
Will    .....                    (no boots)
Stlth   ++++......               (no amulet)
HPRegen 0.26/turn                (no ring)
MPRegen 0.10/turn                (no ring)

@: brilliant, lethally poisoned (0 -> -3), hasted, very quick
A: small, no large weapons, nightstalker 3
a: no special abilities


You were on level 4 of the Dungeon.
You visited 1 branch of the dungeon, and saw 4 of its levels.

You collected 155 gold pieces.

Inventory:

Hand Weapons
 a - a +0 shortbow (weapon)
Missiles
 d - 30 stones
 h - 4 curare-tipped darts
 j - 13 boomerangs
Armour
 c - a scarf of resistance (worn)
 n - a +1 leather armour of poison resistance (worn)
 t - a +0 pair of gloves (worn)
Jewellery
 v - a ring of positive energy
Wands
 g - a wand of polymorph (7)
 q - a wand of charming (7)
Scrolls
 b - a scroll of immolation
 i - a scroll of vulnerability {unknown}
 k - a scroll of summoning {unknown}
 l - 4 scrolls of identify {unknown}
 p - a scroll of fear {unknown}
 u - a scroll of teleportation {unknown}
Potions
 e - a potion of haste
 f - a potion of degeneration
 m - a potion of experience {unknown}
 o - a potion of ambrosia {unknown}
 s - a potion of brilliance


   Skills:
 - Level 3.0 Fighting
 + Level 7.1 Ranged Weapons
 - Level 5.0 Dodging
 - Level 5.0 Stealth


You had 5 spell levels left.
You didn't know any spells.
Your spell library was empty.

Dungeon Overview and Level Annotations

Branches:
Dungeon (4/15)
 Temple: D:4-7

Altars:


Innate Abilities, Weirdness & Mutations

You are small and have problems with some larger weapons.
You are completely attuned to the shadows.


Message History

You feel very sick.
The scorpion stings you but does no damage.
The scorpion misses you.
You shoot an arrow. The arrow hits the scorpion.
The scorpion is severely wounded.
You feel sick. The scorpion closely misses you.
You shoot an arrow. The arrow closely misses the scorpion.
You feel sick. The scorpion misses you. The scorpion stings you!
You shoot an arrow.
The arrow hits the scorpion but does no damage.
The scorpion is severely wounded.
You feel sick. The scorpion completely misses you.
You shoot an arrow. The arrow barely misses the scorpion.
You feel sick. The scorpion misses you.
The scorpion stings you but does no damage.
You are too injured to fight recklessly!
You shoot an arrow. The arrow barely misses the scorpion.
You feel sick. The scorpion stings you.
* * * LOW HITPOINT WARNING * * *
You are more poisoned.
The scorpion poisons you!
You shoot an arrow. The arrow barely misses the scorpion.
* * * LOW HITPOINT WARNING * * *
You feel very sick. The scorpion closely misses you. x2
It was a potion of haste.
You feel yourself speed up.
You feel sick. The scorpion closely misses you.
It was a potion of degeneration.
There was something very wrong with that liquid.
You feel weakened.
You feel dopey.
You feel clumsy.
You feel sick. The scorpion stings you.
* * * LOW HITPOINT WARNING * * *
It was a potion of brilliance.
You feel clever all of a sudden.
* * * LOW HITPOINT WARNING * * *
You feel sick. The scorpion closely misses you.
* * * LOW HITPOINT WARNING * * *
You feel sick.
It was a potion of magic.
Magic courses through your body.
You die...

.#####.......##
.##...........#
..#...........#
..'...........#
#+#...........#
..............#
..............######
...######'#........#
...'......+.....@#s..>
...#......#......#....
...#..##†.#......+....
...#..##..#......#....
...#+###..+ .....#
...#


There were no monsters in sight!

Vanquished Creatures
  A black bear (D:2)
  A bullfrog (D:3)
  2 hounds
  3 adders
  2 worms (D:2)
  5 dart slugs
  7 orcs (D:3)
  4 ball pythons
  5 endoplasms
  A giant cockroach (D:3)
  3 goblins
  7 hobgoblins
  8 jackals
  4 kobolds
  5 quokkas
  7 bats
  5 frilled lizards
  9 rats
79 creatures vanquished.

Notes
Turn   | Place    | Note
-------+----------+-------------------------------------------
     0 | D:1      | NinjaNoafa the Kobold Hunter began the quest for the Orb.
     0 | D:1      | Reached XP level 1. HP: 12/12 MP: 1/1
   156 | D:1      | Reached XP level 2. HP: 17/17 MP: 2/2
   516 | D:1      | Reached XP level 3. HP: 21/21 MP: 3/3
  1101 | D:2      | Reached XP level 4. HP: 26/26 MP: 4/4
  1469 | D:2      | Noticed a black bear
  1483 | D:2      | Killed a black bear
  1484 | D:2      | Reached skill level 5 in Dodging
  1484 | D:2      | Reached skill level 5 in Stealth
  1484 | D:2      | Reached XP level 5. HP: 16/31 MP: 5/5
  1864 | D:3      | Reached XP level 6. HP: 34/37 MP: 6/6
  2136 | D:3      | Reached skill level 6 in Ranged Weapons
  3154 | D:4      | Reached skill level 7 in Ranged Weapons
  3223 | D:4      | HP: 1/37 [poisoned by a scorpion]
  3224 | D:4      | Succumbed to a scorpion's poison

Illustrated notes

Levels and vault maps discovered:
D:1:      lightli_iron_boxes, layout_loops_cross
D:2:      layout_loops_ring, minmay_misc_feat_pillars,
          dreamdust_princess_bridge, minmay_divided_ellipse
D:3:      layout_basic
D:4:      layout_gridville, uniq_eustachio

Skill      XL: |  1  2  3  4  5  6 |
---------------+-------------------+-----
Stealth        | 2 3 5 |  5.0
Dodging        | 3 5 |  5.0
Fighting       | 3 |  3.0
Ranged Weapons | 7 |  7.1

Action                   |  1- 3 |  4- 6 || total
-------------------------+-------+-------++-------
Melee: Shortbow          |       |     9 ||     9
 Fire: Shortbow          |    62 |   125 ||   187
  Use: Potion            |       |     5 ||     5
       Scroll            |       |     1 ||     1
Armor: Leather armour    |     8 |    16 ||    24
Dodge: Dodged            |    33 |    99 ||   132

Table legend: (Time is in decaauts)
 A = Elapsed time spent in this place.
 B = Non-inter-level travel time spent in this place.
 C = Inter-level travel time spent in this place.
 D = Time resting spent in this place.
 E = Time spent auto-exploring this place.
 F = Levels seen in this place.
 G = Mean time per level.
                   A        B        C        D        E       F      G
               +--------+--------+--------+--------+--------+-----+--------+
         Total |   3282 |   3159 |    123 |      0 |   2653 |   4 |  820.5 |
       Dungeon |   3282 |   3159 |    123 |      0 |   2653 |   4 |  820.5 |
               +--------+--------+--------+--------+--------+-----+--------+

Top non-repeatable levels by time:
     D:3: 1240 daAuts
     D:2: 1010 daAuts
     D:1: 771 daAuts
     D:4: 260 daAuts
